General information
- name: BNet
- type: Ladder team game (AT/RT)
- host: Battle.net
- saver: SoldierOFortune
map: Battleground
- players: 8
- length: 33:02
- speed: Fast
- version: 1.26 W3XP
- replay type: Public
» download(233 KB)
Players
team 1 (winner)
I_markis (
purple | 70 APM | 2227 actions | 31:57)
4 Mountain King
2 Storm Bolt
1 Thunder Clap
1 Bash
1 Dreadlord
1 Inferno
» actions
| Assign group hotkey | 13 | |
| Basic commands | 24 | |
| Build / train | 48 | |
| Enter build submenu | 20 | |
| Enter hero's abilities submenu | 5 | |
| Give item / drop item | 6 | |
| Remove unit from queue | 2 | |
| Right click | 1440 | |
| Select / deselect | 197 | |
| Select group hotkey | 381 | |
| Use ability | 91 | |
2227 total
» units
» buildings
| Barracks | 1 | |
| Farm | 7 | |
| Altar of Kings | 2 | |
| Arcane Vault | 1 | |
| Keep | 3 | |
| Scout Tower | 5 | |
| Arcane Tower | 2 | |
| Lumber Mill | 1 | |
22 total
» build order
00:22 Barracks
00:42 Farm
01:18 Altar of Kings
01:24 Altar of Kings
01:31 Farm
02:01 Farm
03:26 Arcane Vault
03:29 Keep
03:29 Keep
04:17 Farm
04:20 Farm
04:32 Farm
04:36 Farm
05:25 Scout Tower
05:41 Scout Tower
05:43 Scout Tower
05:49 Scout Tower
05:54 Scout Tower
05:58 Arcane Tower
06:01 Lumber Mill
06:23 Arcane Tower
» items
| Scroll of Regeneration | 2 | |
| Lesser Clarity Potion | 5 | |
| Boots of Speed | 1 | |
| Orb of Corruption | 1 | |
| Circlet of Nobility | 2 | |
| Potion of Lesser Invulnerability | 1 | |
| Staff of Teleportation | 1 | |
| Dust of Appearance | 1 | |
| Healing Salve | 2 | |
16 total
MayYouBeBlessed (
orange | 106 APM | 2593 actions | 24:28)
5 Dreadlord
2 Sleep
3 Vampiric Aura
4 Death Knight
1 Death Coil
1 Death Pact
2 Unholy Aura
» actions
| Assign group hotkey | 53 | |
| Basic commands | 206 | |
| Build / train | 119 | |
| ESC pressed | 7 | |
| Enter build submenu | 20 | |
| Enter hero's abilities submenu | 9 | |
| Give item / drop item | 1 | |
| Remove unit from queue | 1 | |
| Right click | 1089 | |
| Select / deselect | 576 | |
| Select group hotkey | 351 | |
| Use ability | 161 | |
2593 total
» units
| Acolyte | 27 | |
| Ghoul | 28 | |
| Obsidian Statue | 5 | |
| Necromancer | 7 | |
| Abomination | 1 | |
| Meatwagon | 3 | |
71 total
» upgrades
| Unholy Strength | 3 | |
| Unholy Armor | 3 | |
| Necromancer Training | 2 | |
| Skeletal Longevity | 1 | |
| Skeletal Mastery | 1 | |
| Destroyer Form | 1 | |
| Disease Cloud | 1 | |
| Ghoul Frenzy | 1 | |
| Exhume Corpses | 1 | |
14 total
» buildings
| Crypt | 1 | |
| Ziggurat | 10 | |
| Altar of Darkness | 1 | |
| Tomb of Relics | 1 | |
| Halls of the Dead | 2 | |
| Graveyard | 1 | |
| Slaughterhouse | 3 | |
| Temple of the Damned | 1 | |
| Black Citadel | 2 | |
| Spirit Tower | 2 | |
24 total
» build order
00:08 Crypt
00:11 Ziggurat
00:55 Altar of Darkness
01:08 Ziggurat
02:05 Tomb of Relics
03:03 Halls of the Dead
03:42 Graveyard
05:09 Ziggurat
05:29 Slaughterhouse
05:31 Temple of the Damned
05:58 Black Citadel
05:58 Black Citadel
09:15 Ziggurat
11:07 Spirit Tower
11:08 Spirit Tower
12:36 Ziggurat
12:37 Ziggurat
14:55 Ziggurat
19:16 Slaughterhouse
19:17 Ziggurat
20:15 Slaughterhouse
23:06 Ziggurat
23:06 Ziggurat
» items
HEAVENSSPEAR (
red | 63 APM | 2070 actions | 33:02)
6 Blademaster
3 Wind Walk
2 Critical Strike
1 Bladestorm
5 Shadow Hunter
2 Hex
3 Healing Wave
» actions
| Assign group hotkey | 40 | |
| Basic commands | 63 | |
| Build / train | 66 | |
| Enter build submenu | 22 | |
| Enter hero's abilities submenu | 11 | |
| Give item / drop item | 5 | |
| Remove unit from queue | 2 | |
| Right click | 946 | |
| Select / deselect | 257 | |
| Select group hotkey | 511 | |
| Use ability | 147 | |
2070 total
» units
| Peon | 11 | |
| Wind Rider | 6 | |
| Troll Batrider | 3 | |
20 total
» upgrades
| Reinforced Defenses | 1 | |
| Envenomed Spears | 1 | |
| Armor | 2 | |
| Ranged Weapons | 2 | |
| Ensnare | 1 | |
| Liquid Fire | 1 | |
8 total
» buildings
| Altar of Storms | 1 | |
| Orc Burrow | 7 | |
| War Mill | 1 | |
| Voodoo Lounge | 2 | |
| Watch Tower | 14 | |
| Stronghold | 2 | |
| Beastiary | 3 | |
| Fortress | 2 | |
| Great Hall | 2 | |
34 total
» build order
00:06 Altar of Storms
00:21 Orc Burrow
00:41 War Mill
01:23 Voodoo Lounge
01:56 Watch Tower
02:10 Watch Tower
02:30 Orc Burrow
03:24 Stronghold
03:40 Watch Tower
03:52 Orc Burrow
03:56 Watch Tower
04:37 Watch Tower
04:37 Watch Tower
05:06 Orc Burrow
06:01 Beastiary
06:46 Fortress
06:46 Fortress
07:05 Beastiary
08:02 Watch Tower
08:03 Watch Tower
12:14 Beastiary
12:17 Orc Burrow
12:17 Orc Burrow
12:18 Orc Burrow
20:16 Great Hall
20:20 Watch Tower
20:20 Watch Tower
20:21 Watch Tower
20:21 Watch Tower
20:23 Watch Tower
20:23 Watch Tower
22:59 Voodoo Lounge
31:15 Great Hall
» items
| Healing Salve | 3 | |
| Lesser Clarity Potion | 2 | |
| Boots of Speed | 1 | |
| Staff of Teleportation | 2 | |
| Scroll of Town Portal | 1 | |
| Potion of Mana | 1 | |
| Orb of Lightning | 1 | |
11 total
imonthelistono (
teal | 80 APM | 2649 actions | 33:02)
6 Mountain King
3 Storm Bolt
2 Bash
1 Avatar
» actions
| Assign group hotkey | 109 | |
| Basic commands | 199 | |
| Build / train | 159 | |
| ESC pressed | 13 | |
| Enter build submenu | 48 | |
| Enter hero's abilities submenu | 6 | |
| Give item / drop item | 1 | |
| Right click | 918 | |
| Select / deselect | 394 | |
| Select group hotkey | 654 | |
| Use ability | 148 | |
2649 total
» units
| Peasant | 15 | |
| Footman | 5 | |
| Rifleman | 4 | |
| Sorceress | 6 | |
| Mortar Team | 12 | |
| Spell Breaker | 3 | |
45 total
» upgrades
| Gunpowder | 3 | |
| Armor | 3 | |
| Sorceress Training | 2 | |
| Long Rifles | 1 | |
| Fragmentation Shards | 1 | |
| Masonry | 3 | |
| Lumber Harvesting | 1 | |
| Flare | 1 | |
| Swords | 2 | |
17 total
» buildings
| Farm | 10 | |
| Altar of Kings | 1 | |
| Barracks | 1 | |
| Lumber Mill | 1 | |
| Arcane Vault | 1 | |
| Keep | 3 | |
| Blacksmith | 1 | |
| Workshop | 2 | |
| Arcane Sanctum | 1 | |
| Castle | 5 | |
| Town Hall | 1 | |
| Scout Tower | 30 | |
| Guard Tower | 16 | |
| Gryphon Aviary | 2 | |
| Cannon Tower | 28 | |
103 total
» build order
00:51 Farm
00:58 Altar of Kings
01:11 Barracks
01:17 Farm
01:31 Lumber Mill
01:39 Farm
02:06 Farm
02:16 Arcane Vault
03:05 Farm
04:13 Keep
04:13 Keep
04:42 Blacksmith
08:14 Workshop
08:16 Arcane Sanctum
09:28 Farm
09:44 Farm
09:45 Farm
09:46 Castle
09:47 Castle
09:47 Castle
12:04 Town Hall
12:06 Scout Tower
12:07 Scout Tower
12:08 Scout Tower
12:09 Scout Tower
12:15 Scout Tower
12:16 Scout Tower
12:17 Scout Tower
12:17 Scout Tower
12:19 Scout Tower
12:42 Farm
12:50 Guard Tower
14:01 Guard Tower
14:02 Guard Tower
14:03 Scout Tower
14:08 Scout Tower
14:10 Scout Tower
14:41 Guard Tower
14:41 Guard Tower
14:43 Scout Tower
14:45 Scout Tower
14:48 Scout Tower
15:20 Guard Tower
15:20 Guard Tower
15:21 Guard Tower
20:25 Workshop
20:30 Gryphon Aviary
20:35 Gryphon Aviary
23:32 Scout Tower
23:33 Scout Tower
23:37 Scout Tower
25:21 Scout Tower
25:22 Scout Tower
25:23 Scout Tower
25:24 Scout Tower
25:26 Guard Tower
25:30 Cannon Tower
25:30 Cannon Tower
25:34 Scout Tower
25:34 Scout Tower
25:37 Scout Tower
25:37 Scout Tower
25:38 Scout Tower
25:43 Scout Tower
25:44 Scout Tower
25:47 Scout Tower
26:05 Guard Tower
26:05 Guard Tower
26:08 Cannon Tower
26:08 Cannon Tower
26:09 Cannon Tower
26:11 Cannon Tower
26:11 Cannon Tower
26:12 Cannon Tower
26:22 Cannon Tower
26:23 Cannon Tower
26:24 Cannon Tower
26:24 Cannon Tower
26:25 Cannon Tower
26:25 Cannon Tower
26:25 Cannon Tower
26:42 Cannon Tower
26:43 Cannon Tower
26:43 Cannon Tower
26:43 Cannon Tower
26:44 Cannon Tower
26:45 Cannon Tower
26:46 Cannon Tower
31:14 Farm
» items
| Scroll of Regeneration | 8 | |
| Lesser Clarity Potion | 4 | |
| Scroll of Town Portal | 4 | |
| Scroll of Protection | 1 | |
| Boots of Speed | 1 | |
| Staff of Sanctuary | 1 | |
19 total
team 2 (loser)

»
wzw (
blue | 64 APM | 1588 actions | 24:47)
5 Death Knight
3 Death Coil
2 Unholy Aura
2 Lich
1 Frost Nova
1 Frost Armor
» actions
| Assign group hotkey | 44 | |
| Basic commands | 20 | |
| Build / train | 68 | |
| ESC pressed | 6 | |
| Enter build submenu | 14 | |
| Enter hero's abilities submenu | 7 | |
| Give item / drop item | 6 | |
| Right click | 722 | |
| Select / deselect | 266 | |
| Select group hotkey | 352 | |
| Use ability | 83 | |
1588 total
» units
| Acolyte | 7 | |
| Ghoul | 19 | |
| Gargoyle | 14 | |
40 total
» upgrades
» buildings
| Crypt | 2 | |
| Altar of Darkness | 1 | |
| Ziggurat | 8 | |
| Tomb of Relics | 1 | |
| Graveyard | 3 | |
| Nerubian Tower | 1 | |
| Halls of the Dead | 1 | |
| Spirit Tower | 1 | |
18 total
» build order
00:37 Crypt
00:42 Altar of Darkness
00:47 Ziggurat
01:00 Crypt
01:17 Tomb of Relics
02:00 Ziggurat
03:34 Ziggurat
04:51 Ziggurat
06:12 Graveyard
07:16 Nerubian Tower
08:56 Halls of the Dead
10:50 Spirit Tower
20:19 Ziggurat
20:21 Ziggurat
20:23 Ziggurat
20:48 Ziggurat
22:06 Graveyard
22:54 Graveyard
» items
| Rod of Necromancy | 3 | |
| Scroll of Town Portal | 5 | |
| Potion of Lesser Invulnerability | 1 | |
| Orb of Corruption | 1 | |
| Healing Salve | 1 | |
| Lesser Clarity Potion | 2 | |
| Scroll of Speed | 1 | |
| Orb of Lightning | 1 | |
15 total
Wolstenholme (
green | 66 APM | 1609 actions | 24:17)
4 Death Knight
2 Death Coil
2 Unholy Aura
2 Crypt Lord
1 Impale
1 Spiked Carapace
1 Dreadlord
1 Sleep
» actions
| Assign group hotkey | 38 | |
| Basic commands | 196 | |
| Build / train | 73 | |
| Enter build submenu | 22 | |
| Enter hero's abilities submenu | 7 | |
| Right click | 387 | |
| Select / deselect | 242 | |
| Select group hotkey | 579 | |
| Use ability | 65 | |
1609 total
» units
| Acolyte | 2 | |
| Ghoul | 4 | |
| Crypt Fiend | 21 | |
| Obsidian Statue | 8 | |
| Frost Wyrm | 6 | |
41 total
» upgrades
| Creature Attack | 1 | |
| Creature Carapace | 1 | |
| Web | 1 | |
3 total
» buildings
| Ziggurat | 9 | |
| Crypt | 2 | |
| Graveyard | 1 | |
| Altar of Darkness | 1 | |
| Tomb of Relics | 1 | |
| Nerubian Tower | 3 | |
| Halls of the Dead | 5 | |
| Slaughterhouse | 1 | |
| Black Citadel | 2 | |
| Sacrificial Pit | 1 | |
| Boneyard | 1 | |
| Necropolis | 1 | |
28 total
» build order
00:08 Ziggurat
00:12 Crypt
00:15 Crypt
00:40 Graveyard
01:00 Altar of Darkness
01:28 Ziggurat
02:19 Tomb of Relics
02:25 Nerubian Tower
02:25 Nerubian Tower
03:47 Ziggurat
04:33 Halls of the Dead
04:33 Halls of the Dead
04:33 Halls of the Dead
06:26 Ziggurat
08:15 Slaughterhouse
10:53 Black Citadel
10:53 Black Citadel
11:42 Ziggurat
11:45 Ziggurat
12:08 Ziggurat
12:20 Sacrificial Pit
13:26 Boneyard
21:13 Necropolis
21:18 Ziggurat
21:47 Ziggurat
» items
| Rod of Necromancy | 1 | |
| Orb of Lightning | 1 | |
| Potion of Healing | 2 | |
4 total

»
primal (
yellow | 31 APM | 749 actions | 24:18)
2 Archmage
1 Summon Water Elemental
1 Brilliance Aura
» actions
| Assign group hotkey | 8 | |
| Basic commands | 62 | |
| Build / train | 67 | |
| Enter build submenu | 27 | |
| Enter hero's abilities submenu | 2 | |
| Right click | 260 | |
| Select / deselect | 230 | |
| Select group hotkey | 38 | |
| Use ability | 55 | |
749 total
» units
| Peasant | 13 | |
| Footman | 9 | |
| Gryphon Rider | 6 | |
| Dragonhawk Rider | 5 | |
| Siege Engine | 8 | |
41 total
» upgrades
| Masonry | 3 | |
| Defend | 1 | |
| Swords | 2 | |
| Plating | 1 | |
| Armor | 1 | |
| Lumber Harvesting | 2 | |
| Cloud | 1 | |
| Storm Hammers | 1 | |
| Gunpowder | 3 | |
| Barrage | 1 | |
16 total
» buildings
| Lumber Mill | 2 | |
| Farm | 9 | |
| Altar of Kings | 1 | |
| Barracks | 1 | |
| Arcane Vault | 1 | |
| Scout Tower | 4 | |
| Blacksmith | 1 | |
| Arcane Tower | 2 | |
| Guard Tower | 2 | |
| Keep | 1 | |
| Castle | 1 | |
| Gryphon Aviary | 3 | |
| Workshop | 2 | |
30 total
» build order
00:26 Lumber Mill
00:37 Farm
00:40 Farm
00:54 Altar of Kings
01:08 Barracks
01:58 Arcane Vault
02:12 Farm
02:25 Scout Tower
02:28 Scout Tower
02:37 Farm
02:40 Farm
02:48 Blacksmith
02:54 Arcane Tower
03:20 Guard Tower
03:42 Scout Tower
04:01 Scout Tower
04:18 Arcane Tower
04:23 Farm
04:46 Guard Tower
06:18 Keep
08:46 Castle
09:36 Gryphon Aviary
09:41 Gryphon Aviary
09:51 Gryphon Aviary
10:39 Farm
14:20 Workshop
14:26 Workshop
14:34 Farm
14:38 Farm
15:13 Lumber Mill
» items
SoldierOFortune (
pink | 51 APM | 1695 actions | 33:02)
9 Blademaster
3 Wind Walk
3 Critical Strike
1 Bladestorm
2 Mirror Image
» actions
| Assign group hotkey | 14 | |
| Basic commands | 30 | |
| Build / train | 76 | |
| Enter build submenu | 49 | |
| Enter hero's abilities submenu | 9 | |
| Give item / drop item | 16 | |
| Remove unit from queue | 1 | |
| Right click | 842 | |
| Select / deselect | 322 | |
| Select group hotkey | 110 | |
| Use ability | 226 | |
1695 total
» units
| Peon | 17 | |
| Grunt | 4 | |
| Troll Batrider | 5 | |
26 total
» upgrades
| Ranged Weapons | 1 | |
| Armor | 1 | |
| Reinforced Defenses | 1 | |
3 total
» buildings
| Orc Burrow | 5 | |
| Altar of Storms | 3 | |
| Barracks | 2 | |
| Voodoo Lounge | 4 | |
| Stronghold | 1 | |
| War Mill | 2 | |
| Beastiary | 4 | |
| Great Hall | 2 | |
| Watch Tower | 26 | |
| Fortress | 1 | |
50 total
» build order
00:12 Orc Burrow
00:53 Altar of Storms
00:55 Barracks
01:09 Altar of Storms
01:10 Barracks
01:14 Altar of Storms
01:16 Orc Burrow
02:12 Voodoo Lounge
02:52 Stronghold
04:14 War Mill
05:58 Orc Burrow
06:19 Beastiary
06:20 Beastiary
06:21 Beastiary
08:11 Orc Burrow
09:36 Great Hall
09:39 Watch Tower
09:39 Watch Tower
10:54 Watch Tower
10:54 Watch Tower
10:56 Watch Tower
10:58 Watch Tower
12:46 Great Hall
12:50 Watch Tower
12:50 Watch Tower
12:52 Watch Tower
12:53 Watch Tower
12:56 Watch Tower
12:57 Watch Tower
12:57 Watch Tower
12:58 Watch Tower
13:43 Fortress
13:46 Beastiary
13:53 War Mill
14:21 Watch Tower
14:22 Watch Tower
16:17 Watch Tower
16:22 Watch Tower
16:22 Watch Tower
16:24 Watch Tower
17:04 Orc Burrow
19:14 Watch Tower
19:14 Watch Tower
19:16 Watch Tower
19:16 Watch Tower
19:22 Watch Tower
19:23 Watch Tower
20:47 Voodoo Lounge
20:50 Voodoo Lounge
20:55 Voodoo Lounge
» items
| Healing Salve | 6 | |
| Boots of Speed | 1 | |
| Periapt of Vitality | 2 | |
| Potion of Healing | 7 | |
| Scroll of Regeneration | 1 | |
| Lesser Clarity Potion | 6 | |
| Potion of Mana | 7 | |
| Scroll of Town Portal | 3 | |
| Potion of Lesser Invulnerability | 1 | |
34 total
Chat log
(00:16 / Allies) wzw: mass ghouls rush
(00:18 / Allies) Wolstenholme: mass tier 1
(00:19 / Allies) Wolstenholme: gogo
(01:27 / All) SoldierOFortune: this is such a glitchy gay ass game
(01:33 / All) Wolstenholme: incorrect
(01:34 / All) HEAVENSSPEAR: not to me
(01:37 / All) MayYouBeBlessed: its so solid
(01:40 / All) HEAVENSSPEAR: i think this game is almost bug free
(01:49 / All) imonthelistono: only major bug is the hero stuck bug imo
(01:50 / All) Wolstenholme: i agree
(01:53 / All) Wolstenholme: with red
(01:55 / All) imonthelistono: also not really a bug but the built in latency is retarded
(02:00 / All) imonthelistono: should be 0 latency like lan
(02:04 / All) SoldierOFortune: select two peons queue up building and only one wantas to build every building
(02:16 / All) HEAVENSSPEAR: ty green
(02:43 / Allies) Wolstenholme: arcane asap
(02:47 / Allies) Wolstenholme: dont get raped by 1 hero
(03:12 / Allies) Wolstenholme: dont creep, lets hit
(03:23 / Allies) SoldierOFortune: I'm cc
(03:23 / Allies) Wolstenholme: aaand the bm
(03:27 / All) HEAVENSSPEAR: wholy shit
(03:29 / All) HEAVENSSPEAR: i keep misclicking
(04:56 / Allies) Wolstenholme: come pink
(05:03 / All) SoldierOFortune: cute mh
(05:35 / All) Wolstenholme: gg
(05:38 / Allies) wzw: heal hero
(05:42 / All) HEAVENSSPEAR: y gg
(05:52 / All) Wolstenholme: purple lost 100% of army
(06:38 / Allies) Wolstenholme: mk
(07:24 / All) HEAVENSSPEAR: even if i had full grunts and sh i couldnt help purple base
(08:07 / Allies) Wolstenholme: im b
(08:40 / Allies) Wolstenholme: oj xpoing at purp base
(08:49 / Allies) Wolstenholme: meet up to hit again
(09:09 / Allies) Wolstenholme: blue come
(09:16 / Allies) Wolstenholme: gogo
(11:30 / Allies) SoldierOFortune: lumber?
(12:42 / All) imonthelistono: STOP LAGGING FAGGOT
(12:46 / All) imonthelistono: ITS 2015
(13:27 / All) imonthelistono: STOP LAGGING
(14:33 / All) HEAVENSSPEAR: blue u fucking nigger hacker
(16:09 / Allies) Wolstenholme: meet yellow
(16:52 / Allies) Wolstenholme: any day yellwo
(16:59 / Allies) SoldierOFortune: lumber?
(18:07 / All) imonthelistono: lucky bash
(18:12 / All) I_markis: xD
(18:17 / Allies) Wolstenholme: pink
(18:20 / Allies) Wolstenholme: time to play bro
(18:28 / All) imonthelistono: rape lawl
(18:28 / Allies) Wolstenholme: 6.5 k
(18:44 / All) Wolstenholme: pink wants to play harvest moon
(18:49 / All) HEAVENSSPEAR: LLOL
(18:54 / All) MayYouBeBlessed: Xd
(18:54 / All) Wolstenholme: and not make any units with 7k
(19:11 / All) SoldierOFortune: well give lumber
(19:19 / All) Wolstenholme: eat a dick bro
(19:23 / All) Wolstenholme: ask for lumber 12 mins ago
(19:29 / All) SoldierOFortune: I did
(19:39 / All) Wolstenholme: 8k
(19:44 / All) Wolstenholme: its problem
(19:48 / All) SoldierOFortune: gib da lumber
(20:37 / All) Wolstenholme: looooool
(20:41 / All) Wolstenholme: twilight zone
(20:56 / All) Wolstenholme: lemme do shit all game then charge my light armor air into the bat
(21:34 / Allies) primal: share some g Ill share lumber
(22:07 / Allies) primal: 9 k gold and not sharing. Nice
(22:20 / Allies) SoldierOFortune: that's life
(22:45 / Allies) primal: so, since you clearly aren't playing on our team, which dick on the other side you sucking?
(23:02 / All) SoldierOFortune: generally to get a favor you perform the fellatio
(23:22 / All) SoldierOFortune: traitors they're everywehre
(23:26 / All) primal: only if you aren't some sorry ass sexually frustrated acne spotted angst
(23:27 / All) imonthelistono: STOP LAGGING ITS 2015
(23:29 / All) HEAVENSSPEAR: POULG PULLA
(23:31 / All) primal: filled cocksmooch
(23:34 / All) imonthelistono: HOLY SHIT
(23:44 / All) Wolstenholme: feeding dk to army 5 oclock
(24:04 / All) Wolstenholme: pink still not making shit, 13k
(24:07 / All) Wolstenholme: sitting on wood now
(24:10 / All) Wolstenholme: gg well played
(24:25 / All) MayYouBeBlessed: good rush
(24:40 / All) SoldierOFortune: lol
(24:50 / All) HEAVENSSPEAR: babies
(24:57 / All) imonthelistono: why did he leave
(24:58 / All) imonthelistono: orange
(24:59 / All) imonthelistono: wtf
(25:07 / All) HEAVENSSPEAR: good question
(25:25 / All) SoldierOFortune: purp still ehre
(27:22 / All) I_markis: having fun pink? :)
(27:38 / All) imonthelistono: I'm not you keep lagging
(27:41 / All) imonthelistono: pissing me off
(27:50 / All) imonthelistono: I don't think red likes it either
(29:23 / All) SoldierOFortune: uh oh
(29:24 / All) SoldierOFortune: nap time
(29:51 / All) HEAVENSSPEAR: hacks enabled
(30:12 / All) imonthelistono: wait
(30:13 / All) imonthelistono: wtf
(30:17 / All) imonthelistono: WHY IS ALL OUR TEAMS STUFF DEAD
(30:19 / All) imonthelistono: pink
(30:22 / All) I_markis: lmao
(30:22 / All) imonthelistono: are you fucking control hacking?
(30:26 / All) I_markis: anger spam
(30:27 / All) SoldierOFortune: green tried to ineffectually tk me
(30:29 / All) I_markis: Q_Q
(30:34 / All) imonthelistono: purple
(30:35 / All) SoldierOFortune: with his wyrm and tk
(30:37 / All) SoldierOFortune: dk
(30:38 / All) imonthelistono: pink is a fucking hacker
(30:41 / All) imonthelistono: WTF
(30:48 / All) I_markis: lolololol
(30:55 / All) imonthelistono: i cant fucking conmtrol my units
(30:58 / All) I_markis: oh well was a fun game with 1 hero
(30:59 / All) imonthelistono: pink is making me kill our whole team
(31:03 / All) imonthelistono: dude wtf
(31:11 / All) SoldierOFortune: Leave you lost, make this easyo n me
(31:14 / All) I_markis: this is....lmao
(31:17 / All) imonthelistono: WTF
(31:18 / All) imonthelistono: I CANT USE MY SHIT
(31:20 / All) I_markis: lol
(31:21 / All) imonthelistono: I AM BEING HACKED TO DEATH
(31:26 / All) SoldierOFortune: Leave or I hack your accounts too
(31:39 / All) imonthelistono: WTF
(31:57 / All) imonthelistono: purple
(32:05 / All) imonthelistono: damn
(32:06 / All) imonthelistono: he left
(32:19 / All) SoldierOFortune: stats
(32:39 / All) imonthelistono: Orange 3-0
(32:45 / All) SoldierOFortune: Not necessairly
(32:47 / All) imonthelistono: 55-57 purple
(32:49 / All) HEAVENSSPEAR: i vote uslose
(32:55 / All) imonthelistono: yours is 3 legit
(32:55 / All) SoldierOFortune: They might be suspicious but that alleviates any doubt
(32:59 / All) SoldierOFortune: GG